 Dungeon Crawl Stone Soup version 0.31-a0-202-g547052bce9 (webtiles) character file.

Game seed: 346379373303202265

46 qw the Shooter (level 3, -2/20 HPs)
             Began as a Deep Elf Hunter on June 26, 2023.
             Slain by a gnoll
             ... wielding a +1 flail of holy wrath
              (8 damage)
             ... on level 3 of the Dungeon.
             The game lasted 00:00:28 (1659 turns).

qw the Shooter (Deep Elf Hunter)                    Turns: 1659, Time: 00:00:28

Health: -2/20      AC:  6    Str: 10    XL:     3   Next: 46%
Magic:  5/5        EV:  9    Int: 13    God:
Gold:   106        SH:  0    Dex: 18    Spells: 2/2 levels left

rFire   . . .        Y - +0 shortbow
rCold   . . .        (shield currently unavailable)
rNeg    . . .        e - +0 scale mail
rPois   .            (no helmet)
rElec   .            (no cloak)
rCorr   .            (no gloves)
SInv    .            (no boots)
Will    .....        (no amulet)
Stlth   +            (no ring)
HPRegen 0.23/turn    (no ring)
MPRegen 0.09/turn

%: no passive effects
@: no status effects
A: no striking features
a: no special abilities


You were on level 3 of the Dungeon.
You visited 1 branch of the dungeon, and saw 3 of its levels.

You collected 106 gold pieces.


   Skills:
 - Level 1.5 Fighting
 + Level 7.0 Ranged Weapons
 - Level 2.4 Dodging
 - Level 1.2 Stealth


You had 2 spell levels left.
You didn't know any spells.
Your spell library was empty.

Inventory:

Hand Weapons
 Y - a +0 shortbow (weapon)
Armour
 e - a +0 scale mail (worn)
Potions
 c - a potion of magic {unknown}
 d - 4 potions of curing
 g - a potion of cancellation {unknown}
 h - a potion of resistance {unknown}
 i - a potion of brilliance {unknown}
 j - a potion of haste

Dungeon Overview and Level Annotations

Branches:
Dungeon (3/15)

Altars:
Fedhas
Wu Jian


Message History

You shoot an arrow. The arrow hits the worm.
The worm is heavily wounded.
You shoot an arrow. The arrow hits the worm!
The worm is almost dead.
The worm barely misses you.
You shoot an arrow. The arrow hits the worm.
You kill the worm!
Your Ranged Weapons skill increases to level 7!
Your extra speed is starting to run out.
Found a blossoming altar of Fedhas.
You feel yourself slow down.
Found an ornate altar of the Wu Jian Council.
Found 5 stones.
You see here a staff of earth.
A bat comes into view.
You shoot an arrow. The arrow hits the bat.
The bat is heavily wounded.
The bat hits you but does no damage.
You shoot an arrow. The arrow closely misses the bat.
The bat closely misses you.
You shoot an arrow. The arrow barely misses the bat.
The bat hits you but does no damage.
A gnoll comes into view.
It is wielding a +1 flail of holy wrath.
You shoot an arrow. The gnoll shouts!
The arrow hits the bat!
You kill the bat!
You hear a shout!
You shoot an arrow. The arrow barely misses the gnoll.
You shoot an arrow.
The arrow hits the gnoll but does no damage.
The gnoll hits you with a +1 flail of holy wrath!
Ouch! That really hurt!
The gnoll hits you with a +1 flail of holy wrath.
You shoot an arrow. The arrow barely misses the gnoll.
The gnoll barely misses you.
You shoot an arrow. The arrow hits the gnoll.
The gnoll is lightly wounded.
The gnoll hits you with a +1 flail of holy wrath!
You die...

# #..####### #
#.##.....### #
#..........# #
#....~~..... #
##....~~..... #
#.........77 #
.###..##.....77.
#
......##|._.....
###...@g%......
#...(....~~..
###
##...##..~~..
.... #...#
...... ####
##... .....#
###. ...##. #
##.


You could see a gnoll.

Vanquished Creatures
  A worm (D:3)
  A dart slug (D:1)
  An orc (D:3)
  3 ball pythons (D:1)
  4 bats
  4 giant cockroaches
  4 hobgoblins
  4 jackals (D:2)
  5 kobolds
  A frilled lizard (D:1)
  4 goblins
  6 rats (D:1)
38 creatures vanquished.

Notes
Turn   | Place    | Note
-------+----------+-------------------------------------------
     0 | D:1      | qw the Deep Elf Hunter began the quest for the Orb.
     0 | D:1      | Reached XP level 1. HP: 12/12 MP: 3/3
     0 | D:1      | 0 ||| qw: Version: 0.3-a-22-g0ed2b0b
     0 | D:1      | 0 ||| qw: Game counter: 5853
     0 | D:1      | 0 ||| qw: Melee chars always use a shield: true
     0 | D:1      | 0 ||| qw: God list: Okawaru
     0 | D:1      | 0 ||| qw: Allow faded altars: false
     0 | D:1      | 0 ||| qw: Do Orc after clearing Dungeon:15 true
     0 | D:1      | 0 ||| qw: Do second Lair branch before Depths: true
     0 | D:1      | 0 ||| qw: Lair rune preference: random
     0 | D:1      | 0 ||| qw: Goals: Normal
     0 | D:1      | 0 ||| PLANNING D:1-11
   214 | D:1      | Reached XP level 2. HP: 16/16 MP: 4/4
   242 | D:1      | Reached skill level 6 in Ranged Weapons
   669 | D:1      | 669 ||| UPGRADING to +0 scale mail.
   679 | D:1      | 679 ||| DROPPING +0 leather armour.
   680 | D:1      | 680 ||| READING scroll labelled BEREPNELIM.
   681 | D:1      | 681 ||| DRINKING 5 fuming blue potions.
   682 | D:1      | 682 ||| DRINKING 2 sedimented pink potions.
   708 | D:1      | 708 ||| DROPPING scroll of butterflies.
   709 | D:1      | 709 ||| DROPPING potion of lignification.
   849 | D:2      | Reached XP level 3. HP: 20/20 MP: 5/5
  1556 | D:2      | 1556 ||| READING scroll labelled CEOMAB VUIXKU.
  1557 | D:2      | 1557 ||| READING scroll labelled KOOXZA FO KUNE.
  1558 | D:2      | 1558 ||| READING scroll labelled QOYRGH HYIMOUFA.
  1559 | D:2      | 1559 ||| DRINKING 2 sedimented golden potions.
  1587 | D:3      | Reached skill level 7 in Ranged Weapons
  1612 | D:3      | Found a blossoming altar of Fedhas.
  1643 | D:3      | Found an ornate altar of the Wu Jian Council.
  1659 | D:3      | Slain by a gnoll

Levels and vault maps discovered:
D:1:      psy_arrival_fountain, layout_loops_ring
D:2:      layout_loops_ring, roderic_serpentine_path, supply_closet_lemuel,
          fountainhead
D:3:      layout_loops_cross, nicolae_wu_jian_wuxing_cycle, fedhas_altar_1,
          dreamdust_mushroom_princess, st_stairs_9, uniq_terence

Skill      XL: |  1  2  3 |
---------------+----------+-----
Ranged Weapons | 6 7 |  7.0
Fighting       | |  1.5
Dodging        | |  2.4
Stealth        | |  1.2

Action                     || total
---------------------------++-------
   Fire: Shortbow          ||    89
    Use: Potion            ||     3
         Scroll            ||     4
 Armour: Leather armour    ||     3
         Scale mail        ||    10
  Dodge: Dodged            ||    12

Table legend:
 A = Non-vault XP
 B = Vault XP
 C = Vault XP percentage of total XP
 D = Non-vault monster count
 E = Vault monster count
 F = Vault count percentage of total count
                 A         B        C        D         E       F
            +---------+---------+-------+---------+---------+-------
      Total |      67 |       0 |   0.0 |      38 |       0 |   0.0
            +---------+---------+-------+---------+---------+-------
        D:1 |      38 |       0 |   0.0 |      24 |       0 |   0.0
        D:2 |      19 |       0 |   0.0 |      11 |       0 |   0.0
        D:3 |      10 |       0 |   0.0 |       3 |       0 |   0.0
            +---------+---------+-------+---------+---------+-------
